 Dungeon Crawl Stone Soup version 0.30.1-11-g7821555f0a (webtiles) character file.

Game seed: 8820300877386488503

31635 Peloso the Fencer (level 13, -6/119 HPs)
             Began as a Minotaur Fighter on Jan 2, 2024.
             Was the Champion of Okawaru.
             Mangled by a harpy simulacrum (18 damage)
             ... in an ice cave.
             The game lasted 00:30:52 (18560 turns).

Peloso the Fencer (Minotaur Fighter)               Turns: 18560, Time: 00:30:52

Health: -6/119     AC: 23    Str: 22    XL:     13   Next: 27%
Magic:  13/13      EV:  9    Int:  5    God:    Okawaru [******]
Gold:   1029       SH: 11    Dex: 14    Spells: 12/12 levels left

rFire   . . .        a - +1 scimitar (flame)
rCold   . . .        d - +0 buckler
rNeg    . . .        J - +0 plate armour
rPois   +            H - +1 hat
rElec   .            r - +0 cloak {rCorr}
rCorr   +            G - +1 pair of gloves
SInv    .            F - +0 pair of boots
Will    .....        c - amulet of reflection Stlth
                     t - ring of poison resistance
HPRegen 0.39/turn    (no ring)
MPRegen 0.13/turn

%: reflection
@: hasted, very quick
A: horns 2, retaliatory headbutt
a: Renounce Religion, Heroism, Finesse, Duel


You were in an ice cave.
You worshipped Okawaru.
Okawaru was exalted by your worship.
You visited 4 branches of the dungeon, and saw 17 of its levels.
You also visited: Ossuary, Ice Cave and Volcano.

You collected 1091 gold pieces.
You spent 62 gold pieces at shops.

Inventory:

Hand Weapons
 a - a +1 scimitar of flaming (weapon)
 b - a +1 long sword
 l - a +4 demon trident of electrocution
Missiles
 v - 2 throwing nets (quivered)
Armour
 d - a +0 buckler (worn)
 q - a +0 chain mail
 r - a +0 cloak of preservation (worn)
 F - a +0 pair of boots (worn)
 G - a +1 pair of gloves (worn)
 H - a +1 hat (worn)
 J - a +0 plate armour (worn)
Jewellery
 c - an amulet of reflection (around neck)
 i - a +6 ring of intelligence
 t - a ring of poison resistance (left hand)
 T - a ring of resist corrosion
Wands
 u - a wand of mindburst (20)
 N - a wand of flame (23)
 R - a wand of quicksilver (5)
 U - a wand of iceblast (5)
Scrolls
 f - 4 scrolls of enchant weapon
 j - a scroll of brand weapon
 m - a scroll of amnesia
 p - 2 scrolls of identify
 s - 3 scrolls of blinking
 x - a scroll of immolation
 y - a scroll of butterflies
 B - 5 scrolls of noise
 C - 8 scrolls of teleportation
 E - 3 scrolls of poison
 I - a scroll of silence
 M - a scroll of fog
 O - a scroll of fear
 P - a scroll of enchant armour
 Q - a scroll of magic mapping
Potions
 e - a potion of invisibility {unknown}
 g - 3 potions of haste
 h - 5 potions of might
 k - 5 potions of brilliance
 n - 2 potions of mutation
 w - 2 potions of degeneration {unknown}
 z - 5 potions of magic {unknown}
 A - 2 potions of resistance {unknown}
 D - 2 potions of ambrosia {unknown}
 K - a potion of flight {unknown}
 L - 4 potions of cancellation {unknown}
 S - 2 potions of heal wounds
Miscellaneous
 o - a phantom mirror


   Skills:
 + Level 12.6 Fighting
 + Level 15.8 Long Blades
 + Level 14.8 Armour
 + Level 5.0 Dodging
 + Level 2.6 Stealth
 + Level 10.3 Shields
 + Level 1.6 Invocations


You had 12 spell levels left.
You didn't know any spells.
Your spell library contained the following spells:

 Spells                   Type           Power      Damage    Failure   Level
 Freeze                   Ice            0%         1d3       99%         1
 Sandblast                Erth           0%         2d4       99%         1
 Shock                    Conj/Air       0%         1d3       99%         1
 Passwall                 Tmut/Erth      0%         N/A       100%        2
 Scorch                   Fire           0%         2d5       100%        2
 Static Discharge         Conj/Air       0%         2-2/arc   100%        2
 Frozen Ramparts          Ice            0%         1d1       100%        3
 Hailstorm                Conj/Ice       0%         3d3       100%        3
 Stone Arrow              Conj/Erth      0%         3d7       100%        3
 Swiftness                Air            0%         N/A       100%        3
 Airstrike                Air            0%         2d(0-16)  100%        4
 Flame Wave               Conj/Fire      0%         2d4       100%        4
 Blade Hands              Tmut           0%         N/A       100%        5
 Irradiate                Conj/Tmut      0%         3d11      100%        5
 Iron Shot                Conj/Erth      0%         9d1       100%        6
 Dragon Form              Tmut           0%         N/A       100%        7
 Animate Armour           Summ/Erth      Unusable   N/A       N/A         4
 Summon Lightning Spire   Summ/Air       Unusable   N/A       N/A         4
 Summon Cactus Giant      Summ           Unusable   N/A       N/A         6

Dungeon Overview and Level Annotations

Branches:
Dungeon (11/15)            Temple (1/1) D:5            Lair (4/5) D:9
 Shoals (0/4) Lair:3        Snake (0/4) Lair:2        Slime (0/5) Lair:4
    Orc (1/2) D:11        Ossuary (visited)           IceCv (1/1)
Volcano (visited)

Altars:
Ashenzari
Cheibriados
Dithmenos
Elyvilon
Fedhas
Gozag
Hepliaklqana
Kikubaaqudgha
Makhleb
Nemelex Xobeh
Okawaru
Sif Muna
Uskayaw
Vehumet
Wu Jian
Xom
Zin
The Shining One

Shops:
D:2 [   D:4 =   D:5 :   D:10 *

Annotations:
D:9 2 transporters, Nimbul's ghost, novice DEEE IceCv exclusion: ice statue


Innate Abilities, Weirdness & Mutations

You have a pair of horns on your head.
You reflexively headbutt those who attack you in melee.


Message History

You headbutt the ice beast!
Unknown command.
You hit the ice statue but do no damage.
You headbutt the ice statue!
The ice statue is lightly damaged.
The harpy simulacrum claws you. The harpy simulacrum freezes you!
You block the harpy simulacrum's attack.
You hit the ice statue but do no damage.
The ice statue is lightly damaged.
You block the harpy simulacrum's attack.
The harpy simulacrum claws you but does no damage.
The ice statue glitters chillingly in the dim dungeon light.
You hit the ice statue.
You melt the ice statue.
You headbutt the ice statue.
The ice statue is moderately damaged.
The harpy simulacrum claws you but does no damage. x2
The harpy simulacrum closely misses you.
You block the harpy simulacrum's attack.
Unknown command.
You hit the ice statue but do no damage.
The ice statue is moderately damaged.
The harpy simulacrum claws you but does no damage.
You block the harpy simulacrum's attack.
You block the ice beast's attack.
Unknown command.
You hit the ice statue.
You melt the ice statue.
You headbutt the ice statue, but do no damage.
The ice statue is heavily damaged.
You block the ice beast's attack. The harpy simulacrum barely misses you.
You block the harpy simulacrum's attack.
You hit the ice statue but do no damage.
You headbutt the ice statue!
The ice statue is heavily damaged.
The harpy simulacrum claws you!
* * * LOW HITPOINT WARNING * * *
The harpy simulacrum freezes you!
* * * LOW HITPOINT WARNING * * *
The harpy simulacrum claws you!
* * * LOW HITPOINT WARNING * * *
The harpy simulacrum freezes you!!
You die...

##.....##
#.......#
#.......#
#.......#
#.......#
#)(.....#
####.####
#8......#
#@YY....#
#YZ.....#
#u......#
#.......#
##..Z..##
##...##
##.##
#...
#.....


You could see an ice statue, a white ugly thing, 3 ice beasts, a dire elephant
simulacrum and a harpy simulacrum.

Vanquished Creatures
  Gastronok (D:8)
  3 hydras
  6 two-headed ogres
  Erica (D:10)
  A salamander (Volcano)
  A manticore (D:11)
  A cyclops (D:11)
  An eye of devastation (Lair:4)
  2 ice statues (IceCv)
  Joseph (D:8)
  6 elephants (Lair:3)
  4 black mambas
  A gargoyle (D:10)
  A torpor snail (Lair:1)
  8 cane toads
  An unseen horror (D:11)
  2 rime drakes
  4 komodo dragons
  A freezing wraith (IceCv)
  2 trolls
  A hornet (D:9)
  4 blink frogs (Lair:4)
  2 dream sheep (Lair:1)
  4 slime creatures
  Sigmund (D:2)
  2 shadows
  A vampire (D:9)
  3 wyverns
  Eustachio (D:4)
  2 fire bats (Volcano)
  29 yaks
  A basilisk (Lair:2)
  2 death yak simulacra (IceCv)
  A wraith (D:10)
  2 chaos spawn (D:10)
  Menkaure (D:5)
  6 water moccasins
  Duvessa (D:5)
  2 acid dragons
  A hell hound (Volcano)
  3 orc warriors
  A floating eye (Lair:4)
  3 sky beasts
  3 ice beasts
  4 black bears
  4 ogres
  3 centaurs
  4 wolves (Lair:3)
  Blork the orc (D:5)
  4 bullfrogs
  3 kobold brigands
  7 scorpions
  A gnoll sergeant (D:9)
  2 elf skeletons (D:6)
  Dowan (D:5)
  An elephant simulacrum (IceCv)
  A howler monkey (D:4)
  3 orc priests
  11 jellies
  A human zombie (D:6)
  2 gnoll boudas
  5 hounds
  A human skeleton (D:6)
  3 sleepcaps
  3 iguanas
  6 orc wizards
  6 hell rats (Lair:3)
  A wolf simulacrum (IceCv)
  4 mummies (Ossuary)
  12 gnolls
  8 adders
  5 white imps
  An ufetubus (D:5)
  2 worms (D:2)
  4 dart slugs
  38 orcs
  A bat (D:1)
  24 endoplasms
  4 giant cockroaches
  5 gnoll zombies (Ossuary)
  5 goblins
  7 hobgoblins
  A jackal (D:5)
  27 kobolds
  5 quokkas
  9 ball pythons
  4 frilled lizards
  3 gnoll skeletons (Ossuary)
  4 goblin skeletons (Ossuary)
  6 goblin zombies (Ossuary)
  5 hobgoblin skeletons (Ossuary)
  2 hobgoblin zombies (Ossuary)
  5 kobold skeletons (Ossuary)
  7 kobold zombies (Ossuary)
  4 orc skeletons
  4 orc zombies
  7 rats
  5 rat skeletons (Ossuary)
  2 rat zombies (Ossuary)
423 creatures vanquished.

Vanquished Creatures (others)
  An adder (D:6)
1 creature vanquished.

Grand Total: 424 creatures vanquished

Notes
Turn   | Place    | Note
-------+----------+-------------------------------------------
     0 | D:1      | Peloso the Minotaur Fighter began the quest for the Orb.
     0 | D:1      | Reached XP level 1. HP: 19/19 MP: 0/0
   194 | D:1      | Reached XP level 2. HP: 22/27 MP: 1/1
   606 | D:1      | Found a faded altar of an unknown god.
   836 | D:2      | Noticed Sigmund
   867 | D:2      | Killed Sigmund
   868 | D:2      | Reached skill level 4 in Long Blades
   868 | D:2      | Reached skill level 1 in Dodging
   868 | D:2      | Reached XP level 3. HP: 20/34 MP: 2/2
   868 | D:2      | Reached XP level 4. HP: 25/41 MP: 3/3
   868 | D:2      | Reached XP level 5. HP: 28/47 MP: 4/4
  1368 | D:2      | Reached skill level 5 in Armour
  1680 | D:2      | Found Jineodin's Antique Armour Shoppe.
  1892 | D:3      | Reached skill level 5 in Long Blades
  1898 | D:3      | Reached XP level 6. HP: 48/53 MP: 5/5
  2323 | D:3      | Found a hide-covered altar of Uskayaw.
  2520 | D:3      | Found a snail-covered altar of Cheibriados.
  2527 | D:3      | Found an opulent altar of Gozag.
  2536 | D:3      | Found a glowing silver altar of Zin.
  2543 | D:3      | Found a hazy altar of Hepliaklqana.
  2552 | D:3      | Found a shimmering blue altar of Sif Muna.
  2563 | D:3      | Found a burning altar of Makhleb.
  2571 | D:3      | Found a broken altar of Ashenzari.
  2647 | D:3      | You fall into a shaft and drop 3 floors!
  2686 | D:6      | Reached skill level 6 in Long Blades
  2772 | D:6      | Noticed a slime creature
  2782 | D:6      | Noticed a sky beast
  2834 | D:6      | Killed a sky beast
  2835 | D:6      | Reached XP level 7. HP: 24/60 MP: 6/6
  2839 | D:6      | Reached skill level 5 in Fighting
  2850 | D:6      | Reached skill level 7 in Long Blades
  2872 | D:6      | Found a sand-covered staircase.
  2884 | Ossuary  | Entered an ossuary
  3498 | D:5      | Entered Level 5 of the Dungeon
  3518 | D:5      | Reached skill level 5 in Shields
  3557 | D:5      | Found an ornate altar of the Wu Jian Council.
  3574 | D:5      | Reached skill level 8 in Long Blades
  3574 | D:5      | Reached XP level 8. HP: 58/69 MP: 7/7
  3653 | D:5      | Noticed Duvessa
  3655 | D:5      | Noticed Dowan
  3672 | D:5      | Killed Dowan
  3683 | D:5      | Killed Duvessa
  3816 | D:4      | Found a shadowy altar of Dithmenos.
  4098 | D:4      | Reached skill level 9 in Long Blades
  4104 | D:4      | Found a blossoming altar of Fedhas.
  4104 | D:4      | Found a shimmering altar of Xom.
  4104 | D:4      | Found a radiant altar of Vehumet.
  4389 | D:4      | Found a glowing golden altar of the Shining One.
  4444 | D:4      | Found Agulif's Jewellery Shop.
  4736 | D:5      | Noticed Menkaure
  4828 | D:5      | Killed Menkaure
  4882 | D:5      | Noticed Eustachio
  4921 | D:4      | Killed Eustachio
  4922 | D:4      | Reached XP level 9. HP: 40/78 MP: 8/8
  5215 | D:5      | Reached skill level 10 in Long Blades
  5226 | D:5      | Found a staircase to the Ecumenical Temple.
  5254 | Temple   | Entered the Ecumenical Temple
  5294 | Temple   | Became a worshipper of Warmaster Okawaru
  5356 | D:5      | Found Myruguoj's Tiny Tomes.
  5503 | D:5      | Noticed Blork the orc
  5512 | D:5      | Killed Blork the orc
  5758 | D:6      | Reached * piety under Okawaru
  6030 | D:6      | Reached skill level 11 in Long Blades
  6200 | D:6      | Reached skill level 1 in Stealth
  6862 | D:7      | Reached ** piety under Okawaru
  7315 | D:7      | Reached XP level 10. HP: 72/88 MP: 9/9
  7722 | D:8      | Noticed Gastronok
  7743 | D:8      | Killed Gastronok
  7743 | D:8      | Reached *** piety under Okawaru
  7744 | D:8      | Reached skill level 12 in Long Blades
  7850 | D:8      | Reached skill level 10 in Armour
  8060 | D:8      | Noticed Joseph
  8081 | D:8      | Killed Joseph
  8400 | D:9      | Noticed Nimbul's ghost (novice DEEE)
  8423 | D:9      | Found a transporter.
  8692 | D:9      | Reached skill level 13 in Long Blades
  9010 | D:9      | Found a staircase to the Lair.
  9202 | D:9      | Found a transporter.
  9388 | D:10     | Entered Level 10 of the Dungeon
  9392 | D:10     | Found a shimmering altar of Xom.
  9392 | D:10     | Found the +7 mace of Variability {chaos, chaos arc}
  9474 | D:10     | Found an ancient bone altar of Kikubaaqudgha.
  9576 | D:10     | Found Ubix's Assorted Antiques.
  9584 | D:10     | Bought a viscous ruby potion for 31 gold pieces
  9584 | D:10     | Bought a brown potion for 31 gold pieces
  9619 | D:10     | Reached XP level 11. HP: 95/97 MP: 10/10
  9624 | D:10     | Noticed Erica
  9646 | D:10     | Killed Erica
 10042 | D:10     | Noticed a two-headed ogre
 10054 | D:10     | Killed a two-headed ogre
 10054 | D:10     | Reached **** piety under Okawaru
 11216 | D:11     | Found a staircase to the Orcish Mines.
 11465 | Lair:1   | Entered Level 1 of the Lair of Beasts
 11550 | Lair:1   | Reached skill level 14 in Long Blades
 11858 | Lair:1   | Reached ***** piety under Okawaru
 11906 | Lair:1   | Reached skill level 10 in Fighting
 12357 | Lair:2   | Noticed a seven-headed hydra
 12371 | Lair:2   | Killed a three-headed hydra
 12811 | Lair:2   | Found a staircase to the Snake Pit.
 12879 | Lair:2   | HP: 4/100 [black mamba (8)]
 12890 | Lair:2   | HP: 4/100 [black mamba (7)]
 12894 | Lair:1   | Reached XP level 12. HP: 15/106 MP: 11/11
 13973 | Lair:3   | Reached ****** piety under Okawaru
 14096 | Lair:3   | Found a dark tunnel.
 14105 | Volcano  | Entered a volcano
 14388 | Volcano  | Noticed a two-headed ogre
 14388 | Volcano  | Noticed a two-headed ogre
 14388 | Volcano  | Noticed a two-headed ogre
 14396 | Volcano  | Killed a two-headed ogre
 14402 | Volcano  | Reached skill level 1 in Invocations
 14408 | Volcano  | Killed a two-headed ogre
 14412 | Volcano  | Killed a two-headed ogre
 14413 | Volcano  | Reached skill level 15 in Long Blades
 14740 | Volcano  | Noticed a two-headed ogre
 14741 | Volcano  | Noticed a two-headed ogre
 14743 | Volcano  | Killed a two-headed ogre
 14747 | Volcano  | Killed a two-headed ogre
 14747 | Volcano  | Received a gift from Okawaru
 16246 | Lair:3   | Found a staircase to the Shoals.
 16526 | Lair:4   | Reached skill level 10 in Shields
 16634 | Lair:4   | Noticed an eight-headed hydra
 16658 | Lair:4   | Killed a four-headed hydra
 16679 | Lair:4   | Reached XP level 13. HP: 83/118 MP: 13/13
 16766 | Lair:4   | Received a gift from Okawaru
 17087 | Lair:4   | Found a staircase to the Slime Pits.
 17101 | Lair:4   | Paralysed by a floating eye for 4 turns
 17502 | Lair:4   | Reached skill level 5 in Dodging
 18055 | Orc:1    | Entered Level 1 of the Orcish Mines
 18068 | Orc:1    | Found a frozen archway.
 18077 | IceCv    | Entered an ice cave
 18560 | IceCv    | Mangled by a harpy simulacrum

Illustrated notes

Levels and vault maps discovered:
D:1:      dpeg_arrival_ternary, layout_loops_ring,
          hellmonk_ecumenical_altar_leap_of_faith
D:2:      layout_basic, serial_shops, nicolae_shop_tiny_real_fake_doors,
          uniq_sigmund
D:3:      minmay_door_path, layout_basic, grunt_temple_overflow_octagram,
          nicolae_uskayaw_dance_hall
D:4:      layout_rooms, overflow_temple_1_default, tso_metal_star,
          gammafunk_temple_overflow_forgotten, serial_shops, shop
D:5:      cheibrodos_barr_body, layout_cave_pools, nicolae_wu_jian_wuxing_cycle,
          minmay_temple_entry_trees, nicolae_shop_i_like_small_books_too,
          uniq_menkaure, uniq_duvessa, uniq_eustachio, uniq_blork_the_orc
D:6:      lemuel_slime, layout_basic, nicolae_ossuary_entry_catacombs
D:7:      layout_basic, nicolae_titane
D:8:      layout_rooms, minmay_hedge_maze, nrook_loot_triangle,
          serial_park_tiny_1, uniq_joseph, uniq_gastronok
D:9:      layout_roguey, dpeg_oklobed_lair, gammafunk_ghost_stat_death
D:10:     layout_gridville, kiku_gazebo_garden_becter, serial_shops,
          nicolae_shop_trees, minmay_guarded_unrand_variability, uniq_erica
D:11:     layout_stronghold, orc_0_dummy
Temple:   nicolae_temple_superstar
Lair:1:   layout_misc_corridors, lemuel_fruit_fields
Lair:2:   layout_chaotic_city, dummy_snake_entry, infiniplex_staircase_pool_2,
          lemuel_fruit_fields
Lair:3:   layout_cave_pods, elwin_shoals_entry_rooms,
          nicolae_volcano_entry_lava_flow, minivault_27
Lair:4:   layout_cave_pods, minmay_slime_entry_eyes
Orc:1:    layout_caves, portal_ice_cave_entry_pillars_2, elves_outpost_lemuel,
          uniq_nergalle, uniq_josephine, uniq_fannar
IceCv:    ice_cave_statue_garden_chambered

Skill      XL: |  1  2  3  4  5  6  7  8  9 10 11 12 13 |
---------------+----------------------------------------+-----
Fighting       | 4 5 6 7 9 10 12 | 12.6
Armour         | 4 5 6 7 9 10 13 14 | 14.8
Long Blades    | 4 5 6 8 9 11 13 14 15 | 15.8
Dodging        | 1 2 3 4 5 |  5.0
Shields        | 4 5 6 7 8 10 | 10.3
Stealth        | 1 2 |  2.6
Invocations    | 1 |  1.6

Action                     |  1- 3 |  4- 6 |  7- 9 | 10-12 | 13-15 || total
---------------------------+-------+-------+-------+-------+-------++-------
  Melee: Long sword        |    71 |   112 |   307 |       |       ||   490
         Headbutt          |     4 |    26 |   121 |   184 |    35 ||   370
         Falchion          |       |       |   247 |   264 |       ||   511
         Scimitar          |       |       |       |   421 |   137 ||   558
 Invoke: Heroism           |       |       |       |    10 |     1 ||    11
  Evoke: Wand              |       |       |     1 |       |     3 ||     4
    Use: Potion            |     2 |       |     2 |    10 |     1 ||    15
         Scroll            |     1 |     2 |     9 |    10 |     1 ||    23
 Armour: Scale mail        |    33 |    19 |       |       |       ||    52
         Chain mail        |       |    51 |   232 |    27 |       ||   310
         Plate armour      |       |       |       |   372 |    62 ||   434
  Dodge: Dodged            |    41 |    53 |   165 |   261 |    41 ||   561
  Block: Buckler           |    25 |    24 |   129 |   207 |    29 ||   414
